 Dungeon Crawl Stone Soup version 0.13-a0-2538-gc238810 (webtiles) character file.

1606 Juliette the Cleaver (level 8, -3/64 HPs)
             Began as a Hill Orc Monk on July 28, 2013.
             Slain by a wight
             ... wielding a cursed +3,+1 scimitar
              (12 damage)
             ... on Level 6 of the Dungeon.
             The game lasted 00:30:13 (7944 turns).

Juliette the Cleaver (Hill Orc Monk)                Turns: 7944, Time: 00:30:13

HP  -3/64        AC 15     Str 16      XL: 8   Next: 66%
MP   7/7         EV  6     Int 10      God:
Gold 227         SH 10     Dex 18      Spells:  0 memorised,  7 levels left

Res.Fire  : . . .   See Invis. : .   d - +0,-4 hand axe
Res.Cold  : . . .   Warding    : .   x - -1 orc chain mail
Life Prot.: + . .   Conserve   : .   r - -2 buckler {AC+3}
Res.Poison: .       Res.Corr.  : .   f - -1 visored helmet
Res.Elec. : .       Clarity    : .   c - +1 dwarf cloak
Sust.Abil.: . .     Spirit.Shd : .   (no gloves)
Res.Mut.  : .       Stasis     : .   (no boots)
Res.Rott. : .       Flight     : .   (no amulet)
Saprovore : + . .                    y - +5 ring of dexterity
                                     s - ring of positive energy {unknown}

@: drained, slightly resistant to hostile enchantments, extremely unstealthy
A: saprovore 1
a: no special abilities


You were on level 6 of the Dungeon.
You were very hungry.

You visited 1 branch of the dungeon, and saw 6 of its levels.

You collected 227 gold pieces.

Inventory:

Hand weapons
 d - a +0,-4 hand axe (weapon)
Missiles
 e - 3 javelins (quivered)
Armour
 a - a +0 orcish robe
 c - a +1 dwarven cloak (worn)
 f - a -1 visored helmet (worn)
 r - a -2 buckler of protection (worn)
 x - a -1 orcish chain mail (worn)
Magical devices
 v - a wand of paralysis (0)
 H - a wand of random effects (12) {unknown}
 K - a wand of paralysis (8)
Comestibles
 b - 2 meat rations
 k - an apple
 m - a choko
 t - 2 pears
 u - 3 bread rations
Scrolls
 h - 6 scrolls of remove curse
 j - a scroll of curse weapon
 n - 3 scrolls of identify
 p - a scroll of blinking {unknown}
 q - a scroll of teleportation
 D - 2 scrolls of enchant weapon I
Jewellery
 s - a ring of positive energy (left hand) {unknown}
 y - a +5 ring of dexterity (right hand)
Potions
 g - a potion of paralysis {unknown}
 i - 2 potions of curing
 o - a potion of speed {unknown}
 w - a potion of poison
 z - a potion of restore abilities {unknown}
 A - a potion of might {unknown}
 B - 3 potions of agility {unknown}
 C - 2 potions of brilliance {unknown}
 E - a potion of heal wounds {unknown}
 G - a potion of mutation {unknown}
 I - a potion of slowing {unknown}


   Skills:
 - Level 4.0(3.9) Fighting
 - Level 9.0(8.9) Axes
 * Level 5.2(5.1) Armour
 - Level 3.0(2.9) Dodging
 - Level 2.0(1.9) Stealth
 - Level 5.0(4.9) Shields
 - Level 4.4(4.3) Unarmed Combat


You had 7 spell levels left.
You didn't know any spells.

Dungeon Overview and Level Annotations

Branches:
Dungeon (6/27)
 Temple: D:4-7          Orc: D:6-11

Altars:


Innate Abilities, Weirdness & Mutations

You can tolerate rotten meat.


Message History

The wight hits you but does no damage. You block the wight's attack.
You hit the wight but do no damage.
The wight is severely damaged.
You closely miss the wight.
The wight is heavily damaged.
You closely miss the wight.
The wight is almost destroyed.
The wight hits you but does no damage.
You hit the wight but do no damage.
The wight is almost destroyed.
You closely miss the wight.
The wight is heavily damaged.
You closely miss the wight.
The wight is severely damaged.
The wight barely misses you. The wight hits you with a dagger.
* * * LOW HITPOINT WARNING * * *
The wight closely misses you.
Drink which item? (? for menu, Esc to quit)
You feel better. The wight hits you with a scimitar!
You die... ≈≈ #fPf#

≈{####### ....#
....#...####..##
...............###
............<....#
.................#
................##
...............z##
..#............z@#
≈≈#######......z##
≈≈ ##.......# ≈
#.......#
##......#
#.......#
#.......##
##.......#
#.......#


You could see 3 wights.

Vanquished Creatures
  The ghost of Juliette the Skirmisher, an average HOMo (D:4)
  Edmund (D:4)
  2 phantoms
  An ogre (D:4)
  Sigmund (D:4)
  2 centaurs
  A crimson imp (D:5)
  2 orc wizards
  2 hounds
  2 iguanas
  A scorpion (D:5)
  4 worker ants
  Ijyb (D:3)
  3 jellies (D:5)
  A hound skeleton (D:5)
  7 adders
  A giant mite (D:5)
  4 worms
  A giant eyeball (D:4)
  An ooze (D:1)
  18 orcs
  10 giant cockroaches
  14 hobgoblins
  30 jackals
  8 kobolds
  3 quokkas
  11 bats
  4 giant geckos
  2 giant newts (D:1)
  10 goblins
  A kobold zombie (D:6)
  7 rats
157 creatures vanquished.

Notes
Turn   | Place    | Note
--------------------------------------------------------------
     0 | D:1      | Juliette, the Hill Orc Monk, began the quest for the Orb.
     0 | D:1      | Reached XP level 1. HP: 17/17 MP: 0/0
   324 | D:1      | Reached XP level 2. HP: 16/24 MP: 1/1
   858 | D:2      | Reached XP level 3. HP: 22/30 MP: 2/2
  1611 | D:2      | Reached skill level 1 in Axes
  2071 | D:2      | Reached XP level 4. HP: 31/38 MP: 3/3
  2643 | D:3      | Noticed Ijyb
  2656 | D:3      | Paralysed by Ijyb for 3 turns
  2669 | D:3      | Killed Ijyb
  2669 | D:3      | Reached XP level 5. HP: 35/44 MP: 4/4
  2681 | D:3      | Noticed a centaur
  3168 | D:2      | Reached skill level 5 in Axes
  3239 | D:3      | Killed a centaur
  3239 | D:3      | Reached skill level 6 in Axes
  3239 | D:3      | Reached XP level 6. HP: 37/51 MP: 5/5
  4070 | D:4      | Paralysed by a giant eyeball for 4 turns
  4079 | D:4      | Paralysed by a giant eyeball for 3 turns
  4086 | D:4      | Reached skill level 7 in Axes
  4150 | D:4      | Reached skill level 8 in Axes
  4150 | D:4      | Reached XP level 7. HP: 12/57 MP: 6/6
  4475 | D:4      | Noticed Sigmund
  4512 | D:4      | Killed Sigmund
  4774 | D:4      | Reached skill level 9 in Axes
  4966 | D:4      | Noticed Juliette's ghost (average HOMo)
  5000 | D:4      | Killed Juliette's ghost
  5189 | D:4      | Reached skill level 1 in Shields
  5360 | D:4      | Noticed Edmund
  5392 | D:4      | Killed Edmund
  5392 | D:4      | Reached XP level 8. HP: 46/64 MP: 7/7
  5860 | D:5      | Entered Level 5 of the Dungeon
  6306 | D:5      | Reached skill level 5 in Shields
  7327 | D:5      | Reached skill level 5 in Armour
  7936 | D:6      | HP: 1/64 [wight/morningstar (4)]
  7943 | D:6      | HP: 3/64 [wight/dagger (3)]
  7944 | D:6      | Slain by a wight

Action                   |  1- 3 |  4- 6 |  7- 9 || total
-------------------------+-------+-------+-------++-------
Melee: Unarmed           |    71 |       |    27 ||    98
       Hand axe          |   120 |   316 |   566 ||  1002
  Use: Scroll            |     3 |       |     7 ||    10
       Potion            |       |       |     3 ||     3
 Stab: Sleeping          |     3 |       |       ||     3
